Zazza, neutral female human Tourist # ---.- ##....| # |...| ----- ------------- ####+...| |...| #-.........`.| ####-|--- |...| ----- ###|.>.......{.| ###` # |...| |...| # |...........| #### # |...| |....##### ---------i--- #### ### |...-# |F..| # #### # |...|# --|-- # #### ### ---|-### # # a### # # ## # ### #####:####G####a## ---|--- # ### # #-------.------#`# |..@..| ####F############ #|............|# |.....| ### -.------- #|.............# |.....| # |.......| #|............| |.....| ###|..`.....########|............| ------- #.@s).<.(| |............| --------- -------------- Zazza the Sightseer Experience level: 5 Strength: 9 Dexterity: 10 Constitution: 18 Intelligence: 14 Wisdom: 7 Charisma: 18 Health: 0(50) Energy: 22(22) Def: 3 Gold: 1378 Moves: 2833 Dungeon seed: JUz6VK0XNdBItWZx Game ID: Zazza_1599769215 Your Inventory: Coins $ - 1378 gold pieces Weapons D - 8 +0 darts E - a +0 mace Armor e - a blessed +0 Hawaiian shirt (being worn) n - an uncursed rusty +1 helm of brilliance (being worn) y - an uncursed +1 pair of jumping boots (being worn) Comestibles b - 10 uncursed food rations c - an uncursed egg d - an uncursed banana f - an uncursed melon o - an uncursed tripe ration Scrolls i - 2 uncursed scrolls of magic mapping q - an uncursed scroll of gold detection Potions m - an uncursed potion of acid t - a potion of holy water B - an uncursed potion of booze Tools j - an expensive camera (0:83) k - an uncursed credit card u - an uncursed mirror A - an uncursed leash Spells and supernatural/magical abilities: Name Level Category Fail Memory W - pray for help -- divine ? -- Y - supernatural jump -- ability ? -- Your skills at the end: Fighting Skills Weapon Skills dart [Basic] Spellcasting Skills Final Attributes: You were piously aligned. You were telepathic. You were sensing the presence of monsters. You could jump. You were unlucky. The Lady was angry with you. You are dead. Vanquished creatures: a human zombie a rock mole a straw golem a giant ant a floating eye a kitten a homunculus an acid blob a gas spore 3 large kobolds 2 cave spiders 2 red molds 2 geckos 12 jackals 2 foxes a kobold 3 sewer rats 2 grid bugs 2 bats a lichen 5 newts 46 creatures vanquished. Voluntary challenges: You never hit with a wielded weapon. You read items or engraved 7 times, starting on turn 649. You never genocided any monsters. You never polymorphed an object. You never changed form. You used no wishes. You never split a pudding. You wrote Elbereth's name 1 time, starting on turn 2676. You never violated your personal moral code. Dungeon overview: The Dungeons of Doom: levels 1 to 7 Level 1 some fountains a long staircase Level 2 a long staircase Level 3 some fountains Level 4 <- You were here a general store, an altar to The Lady, a fountain Level 5 Level 6 a fountain Level 7 many fountains History has recorded: On T:1 you entered the Dungeons of Doom to retrieve the Amulet of Yendor! On T:367 you reached level 2 of The Dungeons of Doom. On T:650 you reached level 3 of The Dungeons of Doom. On T:665 you advanced to experience level 2. On T:751 you advanced to experience level 3. On T:1024 you reached level 4 of The Dungeons of Doom. On T:1424 you advanced to experience level 4. On T:1491 you reached level 5 of The Dungeons of Doom. On T:1813 you reached level 6 of The Dungeons of Doom. On T:2312 you reached level 7 of The Dungeons of Doom. On T:2497 you advanced to experience level 5. Score breakdown: Gold: 697 ( 9673 points) Experience: 5 levels (11141 points) Exploration: 7 levels ( 14.29%) (10606 points) Discoveries: 5 items ( 1.68%) ( 3885 points) Valuables value: (no points given unless you survive) Artifact value: 0 ( 0 points) Variety of kills: 21 monsters ( 5.51%) ( 7043 points) Turncount: 2833 turns ( -515 points) Survival: died (score multiplied by 80%) Total score: 33466 Latest messages: You wipe out the message that was written in the dust here. You write in the dust with your fingers. Something is written here in the dust. You read: "E!bersth". You see no objects here. The dart misses the cave spider. The cave spider bites! You begin praying to The Lady. The cave spider bites! (3x) You feel that The Lady is displeased. You sense the presence of monsters. The cave spider bites! Magical energies course through your body. The cave spider bites! You die... Final status: Aloha Zazza the Tourist, killed by a cave spider... You died in The Dungeons of Doom on dungeon level 4 with 33466 points, and 1378 pieces of gold, after 2833 moves. You were level 5 with a maximum of 50 hit points when you died.